 Dungeon Crawl Stone Soup version 0.27.1-1-g398f81649c (console) character file.

Game seed: 6889081862858249519

3688 thromnambular the Shooter (level 10, -1/75 HPs)
             Began as a Djinni Wanderer on Sept 10, 2021.
             Was an Initiate of Gozag.
             Slain by a wraith (4 damage)
             ... led by Josephine
             ... on level 9 of the Dungeon.
             The game lasted 00:42:10 (12391 turns).

thromnambular the Shooter (Djinni Wanderer)        Turns: 12391, Time: 00:42:10

Health: -1/75      AC: 14    Str: 15    XL:     10   Next: 35%
Gold:   204        EV: 14    Int: 13    God:    Gozag SH:  0 Dex: 13

rFire    + + .     SeeInvis .   a - +0 shortbow
rCold    x . .     Faith    .   (shield currently unavailable)
rNeg     . . .     Spirit   .   f - +3 scale mail
rPois    ∞         Reflect  .   (no helmet)
rElec    .         Harm     .   t - scarf {repulsion}
rCorr    .         Rampage  .   p - +2 pair of gloves
Will     +....                  (boots unavailable)
Stlth    ..........             (no amulet)
HPRegen  0.22/turn              e - ring of wizardry
MPRegen  0.00/turn              k - +4 ring of evasion

@: mighty, brilliant, flying, slowed, repel missiles, very slow
A: sickness immunity, fire resistance 2, cold vulnerability 1, float, innate
caster, hp casting, extra vitality 1
a: Renounce Religion, Potion Petition, Call Merchant, Bribe Branch


You were on level 9 of the Dungeon.
You worshipped Gozag.
Gozag was aware of your devotion.
You visited 1 branch of the dungeon, and saw 10 of its levels.

You collected 1507 gold pieces.
You spent 641 gold pieces at shops.
You paid 662 gold pieces to Gozag.

Inventory:

Hand Weapons
 a - a +0 shortbow (weapon)
 b - a +6 long sword
 i - a +2 dagger of draining
Missiles
 c - 18 arrows (quivered ammo)
 l - 2 throwing nets
Armour
 f - a +3 scale mail (worn)
 p - a +2 pair of gloves (worn)
 t - a scarf of repulsion (worn)
Jewellery
 e - a ring of wizardry (left hand)
 k - a +4 ring of evasion (right hand)
 v - a +6 ring of dexterity
Wands
 g - a wand of iceblast (1)
 n - a wand of flame (10)
 r - a wand of charming (3)
Scrolls
 h - a scroll of teleportation
 j - a scroll of amnesia {unknown}
 m - a scroll of immolation
 o - a scroll of vulnerability {unknown}
 s - a scroll of enchant weapon {unknown}
Potions
 d - a potion of might
 q - a potion of lignification {unknown}
 u - a potion of mutation
 w - a potion of haste {unknown}


   Skills:
 + Level 7.0 Fighting
 - Level 0.3 Short Blades
 * Level 7.7 Bows
 - Level 6.5 Armour
 + Level 3.2 Dodging
 - Level 1.0 Stealth
 - Level 5.0 Spellcasting
 - Level 1.0 Evocations


You had 10 spell levels left.
You knew the following spells:

 Your Spells              Type           Power      Damage    Failure   Level
a - Apportation           Tloc           48%        N/A       3%          1
b - Wereblood             Tmut           24%        N/A       4%          2
c - Corpse Rot            Necr/Air       N/A        N/A       4%          2
d - Cause Fear            Hex            12%        N/A       32%         4
Your spell library was empty.

Dungeon Overview and Level Annotations

Branches:
Dungeon (10/15)            Temple (0/1) D:4            Lair (0/6) D:10
    Orc: D:9-12

Altars:
Gozag
Makhleb
Trog
Wu Jian

Shops:
D:4 (   D:9 *

Annotations:
D:4 Grinder
D:9 2 transporters, T3K's ghost, novice DsIE
D:10 exclusion: oklob plant, Josephine


Innate Abilities, Weirdness & Mutations

You are immune to sickness and miasma.
You are immune to poison.
Your flesh is very heat resistant. (rF++)
You are vulnerable to cold. (rC-)
You float through the air rather than walking.
You learn spells naturally, not from books.
Your magical power is your life essence.
You have superior vitality. (+4 HP)


Message History

[b] - 116 gold - brilliance [c] - 616 gold - haste, resistance and invisibility Purchase which effect? [a] - 552 gold - resistance, might and haste [b] - 116 gold - brilliance [c] - 616 gold - haste, resistance and invisibility Purchase which effect? [a] - 552 gold - resistance, might and haste [b] - 116 gold - brilliance [c] - 616 gold - haste, resistance and invisibility Purchase which effect? [a] - 552 gold - resistance, might and haste [b] - 116 gold - brilliance [c] - 616 gold - haste, resistance and invisibility Purchase which effect? [a] - 552 gold - resistance, might and haste [b] - 116 gold - brilliance [c] - 616 gold - haste, resistance and invisibility Purchase which effect? [a] - 552 gold - resistance, might and haste [b] - 116 gold - brilliance [c] - 616 gold - haste, resistance and invisibility Purchase which effect? [a] - 552 gold - resistance, might and haste [b] - 116 gold - brilliance [c] - 616 gold - haste, resistance and invisibility Purchase which effect?
You feel clever all of a sudden. The wraith hits you!
* * * LOW HITPOINT WARNING * * *
The wraith hits you but does no damage. [a] - 756 gold - might, brilliance, haste and resistance [b] - 783 gold - haste, heal wounds, resistance and might [c] - 208 gold - might and brilliance Purchase which effect?
You no longer have enough gold to petition Gozag for potion effects.
You feel very mighty all of a sudden.
You feel more clever all of a sudden. The wraith hits you.
You die...
Your body crumbles into a pile of gold.

#.#
#...........+......'....#
#.#
#...........###..###.[..#
#.# #...........#
#....#....# #[#
#...........# #....#....#
#)# #...........#
#....#....# #.#
#...........# #....######
#.#
#...........###....#### #
#.#
#.........(...........#
#.#
#.....................#
#.#
########@.............#
#.# #.W............# #.#
#..............### #.#
#...(....).)(..'..
#.######
########.###...###
#.##...##### #.# #..)#
#.##...##..# #.# #...#
#.##...##..#
########'###...###
#.##...##..#
###...##...........#
...'...'...#
#......'.).........#


You could see a wraith.

Vanquished Creatures
  A troll (D:9)
  Prince Ribbit (D:7)
  A wyvern (D:8)
  Menkaure (D:6)
  An acid dragon (D:9)
  A water moccasin (D:6)
  A hornet zombie (D:6)
  2 ice beasts
  2 orc warriors (D:8)
  2 necrophages (D:5)
  A sky beast (D:7)
  2 ogres
  2 kobold brigands (D:8)
  A wyvern zombie (D:5)
  A scorpion (D:5)
  A wyvern skeleton (D:7)
  A water moccasin skeleton (D:4)
  2 wights (D:9)
  5 killer bees (D:9)
  2 centaur zombies
  A bullfrog zombie (D:7)
  3 hounds
  3 centaur skeletons
  A gnoll shaman (D:9)
  3 orc priests
  10 jellies
  2 bullfrog skeletons
  4 iguanas
  4 orc wizards
  A scorpion zombie (D:5)
  A killer bee zombie (D:8)
  A hound skeleton (D:5)
  A howler monkey zombie (D:8)
  A howler monkey skeleton (D:6)
  4 gnolls (D:9)
  6 adders
  A white imp (D:6)
  An ufetubus (D:4)
  2 worms (D:2)
  35 orcs
  9 ball pythons
  13 endoplasms
  2 giant cockroaches (D:3)
  2 goblins (D:3)
  5 hobgoblins
  4 jackals (D:3)
  8 kobolds
  6 quokkas
  4 bats
  A frilled lizard (D:2)
  5 rats
175 creatures vanquished.

Vanquished Creatures (collateral kills)
  3 orcs (D:8)
3 creatures vanquished.

Vanquished Creatures (others)
  8 fungi (D:10)
  2 plants (D:2)
10 creatures vanquished.

Grand Total: 188 creatures vanquished

Notes
Turn   | Place    | Note
-------+----------+-------------------------------------------
     0 | D:1      | thromnambular the Djinni Wanderer began the quest for the
                  | Orb.
     0 | D:1      | Reached XP level 1. HP: 17/17 MP: 0/0
   250 | D:1      | Reached XP level 2. HP: 22/22 MP: 0/0
   654 | D:1      | Found a faded altar of an unknown god.
   663 | D:1      | Became a worshipper of Gozag Ym Sagoz the Greedy
   870 | D:2      | Reached XP level 3. HP: 25/27 MP: 0/0
   870 | D:2      | Learned a level 1 spell: Apportation
  1154 | D:2      | You are sucked into a shaft and drop 1 floor!
  1535 | D:3      | Reached XP level 4. HP: 31/32 MP: 0/0
  2140 | D:2      | Reached skill level 1 in Spellcasting
  2140 | D:2      | Reached XP level 5. HP: 38/38 MP: 0/0
  2140 | D:2      | Learned a level 2 spell: Wereblood
  2325 | D:2      | Found a burning altar of Makhleb.
  2684 | D:3      | Reached skill level 5 in Bows
  3209 | D:4      | Noticed an ogre
  3441 | D:3      | Killed an ogre
  3442 | D:3      | Reached XP level 6. HP: 45/45 MP: 0/0
  3686 | D:4      | Found a staircase to the Ecumenical Temple.
  3699 | D:4      | Noticed Grinder
  3777 | D:3      | Reached XP level 7. HP: 43/49 MP: 0/0
  3777 | D:3      | Learned a level 2 spell: Corpse Rot
  3861 | D:4      | Found Ekema's Weapon Boutique.
  3864 | D:4      | Bought 20 arrows for 56 gold pieces
  4210 | D:5      | Entered Level 5 of the Dungeon
  4872 | D:5      | Reached XP level 8. HP: 54/58 MP: 0/0
  5664 | D:5      | You are sucked into a shaft and drop 2 floors!
  5860 | D:7      | Noticed Prince Ribbit
  5884 | D:8      | Reached skill level 5 in Armour
  6139 | D:8      | Noticed a wyvern
  6176 | D:8      | Killed a wyvern
  6177 | D:8      | Reached skill level 5 in Fighting
  6177 | D:8      | Reached XP level 9. HP: 38/65 MP: 0/0
  6177 | D:8      | Learned a level 4 spell: Cause Fear
  6765 | D:6      | Noticed Menkaure
  6769 | D:6      | Killed Menkaure
  8530 | D:7      | Killed Prince Ribbit
  9156 | D:8      | Reached skill level 1 in Dodging
  9156 | D:8      | Reached XP level 10. HP: 53/72 MP: 0/0
  9804 | D:9      | Found a transporter.
  9804 | D:9      | Found a transporter.
  9805 | D:9      | Noticed a two-headed ogre
  9860 | D:9      | Noticed a tengu warrior
 10247 | D:9      | Found Iwigog's Demolitions Depot.
 10324 | D:9      | Identified the +9 long sword of War {protect, rC- Str+8
                  | Dex-3 SInv}
 10354 | D:9      | Bought a wand of iceblast (9) for 195 gold pieces
 10354 | D:9      | Bought a wand of acid (9) for 390 gold pieces
 10762 | D:9      | Reached skill level 5 in Spellcasting
 11101 | D:9      | Found an ornate altar of the Wu Jian Council.
 11238 | D:9      | Found a bloodstained altar of Trog.
 11238 | D:9      | Noticed a moth of wrath
 11239 | D:9      | Noticed T3K's ghost (novice DsIE)
 11501 | D:10     | Entered Level 10 of the Dungeon
 11513 | D:10     | Noticed an oklob plant
 11655 | D:10     | Noticed a two-headed ogre
 12030 | D:10     | Found a staircase to the Lair.
 12031 | D:10     | Noticed a fire dragon
 12330 | D:10     | Noticed Josephine
 12390 | D:9      | HP: 3/75 [wraith[Josephine] (10)]
 12391 | D:9      | Slain by a wraith

Illustrated notes

Levels and vault maps discovered:
D:1:      roderic_crossed_star, layout_basic, ebering_ecumenical_altar_webs,
          chequers_jeans
D:2:      layout_basic, basic_altar, serial_bayou_lake_a
D:3:      layout_basic
D:4:      layout_basic, serial_shops, kennysheep_mini, uniq_grinder
D:5:      minmay_diamond_boxcup, layout_layer_cave
D:6:      layout_cave_pools, nicolae_ossuary_entry_ruins, uniq_menkaure
D:7:      layout_loops_ring, uniq_prince_ribbit1
D:8:      layout_loops_ring, kennysheep_generic_room_10
D:9:      layout_basic, nicolae_wu_jian_wuxing_cycle,
          gammafunk_ghost_wrathful_warriors, nicolae_blasting_shop
D:10:     lemuel_slime, layout_basic, minmay_lair_entry_lava,
          due_unseen_surprise, uniq_erolcha, uniq_josephine

Skill      XL: |  1  2  3  4  5  6  7  8  9 10 |
---------------+-------------------------------+-----
Spellcasting   | 1 2 3 4 5 |  5.0
Fighting       | 2 3 5 6 7 |  7.0
Bows           | 5 6 7 |  7.7
Armour         | 3 4 5 6 |  6.5
Dodging        | 1 3 |  3.2
Short Blades   | |  0.3
Stealth        | |  1.0
Evocations     | |  1.0

Action                   |  1- 3 |  4- 6 |  7- 9 | 10-12 || total
-------------------------+-------+-------+-------+-------++-------
Melee: Dagger            |    27 |       |       |       ||    27
       Hand axe          |     3 |       |       |       ||     3
       Quarterstaff      |       |       |     5 |       ||     5
       Shortbow          |       |       |       |     1 ||     1
 Fire: Shortbow          |    99 |   184 |   465 |   183 ||   931
 Cast: Wereblood         |       |       |     3 |       ||     3
Invok: Potion Petition   |       |       |     1 |     2 ||     3
Evoke: Wand              |       |     2 |    25 |    21 ||    48
  Use: Scroll            |     2 |     5 |     3 |     8 ||    18
       Potion            |       |     2 |     2 |     1 ||     5
 Stab: Distracted        |       |       |     1 |       ||     1
Armor: Scale mail        |    54 |    54 |   119 |    47 ||   274
Dodge: Dodged            |    56 |    93 |   161 |   106 ||   416
       Repelled          |       |       |       |     1 ||     1
